 Dungeon Crawl Stone Soup version 0.29.1-2-gbd0b4ee654 (webtiles) character file.

Game seed: 8039719182504394270

107 lmSkywalker the Caller (level 4, 0/24 HPs)
             Began as a Tengu Summoner on Nov 24, 2022.
             Slain by Grinder (7 damage)
             ... while paralysed by Grinder
             ... on level 4 of the Dungeon.
             The game lasted 00:13:39 (3873 turns).

lmSkywalker the Caller (Tengu Summoner)             Turns: 3873, Time: 00:13:39

Health: 0/24       AC:  2    Str:  8    XL:     4   Next: 85%
Magic:  4/8        EV:  2    Int: 18    God:
Gold:   115        SH:  0    Dex: 14    Spells: 1/7 levels left

rFire   . . .      SeeInvis .   t - +0 sling
rCold   . . .      Faith    .   (no shield)
rNeg    . . .      Spirit   .   a - +0 robe
rPois   .          Reflect  .   (helmet restricted)
rElec   .          Harm     .   (no cloak)
rCorr   .          Rampage  .   (no gloves)
Will    .....                   (boots unavailable)
Stlth   ++........              (no amulet)
HPRegen 0.08/turn               (no ring)
MPRegen 0.11/turn               (no ring)

@: paralysed
A: beak, talons 3
a: no special abilities


You were on level 4 of the Dungeon.
You visited 1 branch of the dungeon, and saw 4 of its levels.

You collected 115 gold pieces.

Inventory:

Hand Weapons
 c - a +0 club
 d - a +0 rapier
 f - a +0 spear
 t - a +0 sling (weapon)
Missiles
 p - a throwing net
 q - 4 poisoned darts
Armour
 a - a +0 robe (worn)
 i - a +0 ring mail
 v - a +0 buckler
Jewellery
 u - an amulet of guardian spirit
Scrolls
 e - a scroll of acquirement {unknown}
 g - 2 scrolls of enchant armour {unknown}
 h - 2 scrolls of teleportation {unknown}
 l - a scroll of vulnerability {unknown}
 s - a scroll of fear {unknown}
Potions
 b - a potion of magic
 j - a potion of brilliance {unknown}
 m - 4 potions of curing
 n - 2 potions of might
 o - a potion of ambrosia {unknown}
 r - 2 potions of mutation {unknown}


   Skills:
 - Level 2.8 Dodging
 + Level 3.2 Stealth
 + Level 2.3 Spellcasting
 + Level 6.1 Summonings


You had one spell level left.
You knew the following spells:

 Your Spells              Type           Power      Damage    Failure   Level
a - Summon Small Mammal   Summ           96%        N/A       1%          1
b - Call Imp              Summ           24%        N/A       2%          2
c - Call Canine Familiar  Summ           24%        N/A       4%          3

Your spell library contained the following spells:

 Spells                   Type           Power      Damage    Failure   Level
 Summon Guardian Golem    Hex/Summ       13%        N/A       16%         3
 Static Discharge         Conj/Air       2%         3-4/arc   26%         2
 Summon Lightning Spire   Summ/Air       13%        N/A       45%         4
 Dispel Undead            Necr           2%         3d7       87%         4
 Sticky Flame             Conj/Fire      2%         2d3       87%         4


Dungeon Overview and Level Annotations

Branches:
Dungeon (4/15)
 Temple: D:4-7

Altars:
Cheibriados

Annotations:
D:4 exclusion: black bear, Grinder


Innate Abilities, Weirdness & Mutations

You have a beak for a mouth.
You have claws for feet.


Message History

You climb downwards.
There is a stone staircase leading up here.
A black bear comes into view.
Press: ? - help, . - travel You can't see that place. [the floor.] Placed new exclusion.
There is a stone staircase leading up here.
Grinder comes into view.
Casting: Summon Small Mammal (safe; 1% risk of failure)
Confirm with . or Enter, or press ? or * to list all spells.
Casting: Summon Small Mammal (safe; 1% risk of failure)
Confirm with . or Enter, or press ? or * to list all spells.
A shadowy apparition takes form in the air.
Something hits your quokka.
Your quokka dies!
Your quokka's corpse disappears in a puff of smoke!
Casting: Call Imp (safe; 2% risk of failure)
Confirm with . or Enter, or press ? or * to list all spells.
Casting: Summon Small Mammal (safe; 1% risk of failure)
Confirm with . or Enter, or press ? or * to list all spells.
Your bat hits Grinder but does no damage.
You swap places.
Your quokka bites Grinder.
Grinder hits you.
You writhe in agony.
You shoot a sling bullet. The sling bullet hits Grinder.
Grinder is lightly wounded.
Your quokka bites Grinder.
Grinder gestures at you.
You suddenly lose the ability to move!
Your bat closely misses Grinder.
Your bat hits Grinder.
Your quokka closely misses Grinder.
Grinder hits you.
You writhe in agony.
Your bat closely misses Grinder.
Your quokka bites Grinder.
Grinder gestures at you.
You barely resist.
Your quokka barely misses Grinder.
Your bat hits Grinder but does no damage.
Your bat hits Grinder but does no damage.
Your quokka closely misses Grinder.
Grinder hits you.
You writhe in agony.
* * * LOW HITPOINT WARNING * * *
Your quokka closely misses Grinder.
Grinder hits you!
You die...

.... ...# ...
###.. ####...
....b# #.r5#
#.@###
###..5.###
..#........#
...........#
###..###....#
..##......
#...###
..........##..##
...h..........#
.......###...##


You could see Grinder (ally target), a friendly shadow imp (summoned), a
friendly quokka (summoned) and a friendly bat (summoned).

Vanquished Creatures
  A dart slug (D:1)
  An orc (D:3)
  3 giant cockroaches
  2 goblins
  4 hobgoblins
  3 quokkas
  4 ball pythons
  2 bats
  2 kobolds
22 creatures vanquished.

Vanquished Creatures (collateral kills)
  4 gnolls (D:2)
  An adder (D:4)
  2 orcs (D:3)
  A bat (D:2)
  4 endoplasms (D:1)
  A giant cockroach (D:1)
  3 hobgoblins
  3 jackals (D:2)
  A ball python (D:4)
  A frilled lizard (D:1)
  4 goblins
  3 kobolds
  2 rats
30 creatures vanquished.

Grand Total: 52 creatures vanquished

Notes
Turn   | Place    | Note
-------+----------+-------------------------------------------
     0 | D:1      | lmSkywalker the Tengu Summoner began the quest for the Orb.
     0 | D:1      | Reached XP level 1. HP: 10/10 MP: 4/4
   158 | D:1      | Reached XP level 2. HP: 15/15 MP: 4/6
   276 | D:1      | Reached skill level 5 in Summonings
  1063 | D:2      | Found a faded altar of an unknown god.
  1111 | D:2      | Reached XP level 3. HP: 19/19 MP: 7/7
  1131 | D:2      | Learned a level 2 spell: Call Imp
  1135 | D:2      | Learned a level 3 spell: Call Canine Familiar
  2120 | D:2      | Reached XP level 4. HP: 8/24 MP: 2/8
  3651 | D:4      | Found a snail-covered altar of Cheibriados.
  3695 | D:4      | Reached skill level 6 in Summonings
  3847 | D:4      | Noticed a black bear
  3862 | D:4      | Noticed Grinder
  3869 | D:4      | Paralysed by Grinder for 5 turns
  3873 | D:4      | Slain by Grinder

Illustrated notes

Levels and vault maps discovered:
D:1:      saegor_arrival_simple_b, layout_loops_ring, chequers_decorated_corner
D:2:      layout_loops_ring, shapermc_ecumenical_altar_pompeii
D:3:      layout_basic, chequers_serial_rivers_micro_b
D:4:      layout_cave_pools, lemuel_round_altar, cheibriados_altar_1,
          grunt_decor_clamped, uniq_grinder

Skill      XL: |  1  2  3  4 |
---------------+-------------+-----
Summonings     | 5 6 |  6.1
Stealth        | 3 |  3.2
Dodging        | |  2.8
Spellcasting   | |  2.3

Action                   |  1- 3 |  4- 6 || total
-------------------------+-------+-------++-------
Melee: Rapier            |    29 |    11 ||    40
       Kick              |    10 |     2 ||    12
       Punch             |     2 |       ||     2
       Peck              |     1 |       ||     1
 Fire: Sling             |       |     9 ||     9
 Cast: Summon Small Mamm |    49 |    30 ||    79
       Call Imp          |     6 |    12 ||    18
  Use: Scroll            |       |     2 ||     2
 Stab: Sleeping          |     3 |     4 ||     7
       Distracted        |     1 |       ||     1
Armor: Robe              |     5 |     2 ||     7
Dodge: Dodged            |    28 |    13 ||    41
